 Dungeon Crawl Stone Soup version 0.27.1-34-g3ba077fa99 (webtiles) character file.

Game seed: 12145424504458619429

105 Delamore the Sneak (level 4, -2/29 HPs)
             Began as an Octopode Brigand on Feb 5, 2022.
             Slain by a ball python (3 damage)
             ... in a sewer.
             The game lasted 00:01:48 (2004 turns).

Delamore the Sneak (Octopode Brigand)               Turns: 2004, Time: 00:01:49

Health: -2/29      AC:  1    Str: 10    XL:     4   Next: 83%
Magic:  4/4        EV: 12    Int: 13    God:
Gold:   69         SH:  0    Dex: 14    Spells: 3/3 levels left

rFire    . . .     SeeInvis +   a - +2 dagger
rCold    . . .     Faith    .   (no shield)
rNeg     . . .     Spirit   .   (helmet restricted)
rPois    .         Reflect  .   (no amulet)
rElec    .         Harm     .   d - ring of see invisible
rCorr    .         Rampage  .   (no ring)
Will     .....                  (no ring)
Stlth    +++++.....             (no ring)
HPRegen  0.09/turn              (no ring)
MPRegen  0.09/turn              (no ring)
                                (no ring)
                                (no ring)

@: no status effects
A: almost no armour, amphibious, 8 rings, camouflage 1, gelatinous body 1,
(nimble swimmer 1), tentacles
a: no special abilities


You were in a sewer.
You visited 1 branch of the dungeon, and saw 3 of its levels.
You also visited: Sewer.

You collected 69 gold pieces.

Inventory:

Hand Weapons
 a - a +2 dagger (weapon)
Missiles
 b - 23 poisoned darts (quivered)
 c - 2 curare-tipped darts
Jewellery
 d - a ring of see invisible (left tentacle)
Scrolls
 e - a scroll of enchant weapon
 f - a scroll of immolation
 j - a scroll of vulnerability {unknown}
Potions
 g - 2 potions of attraction {unknown}
 h - 3 potions of cancellation {unknown}
 i - a potion of haste {unknown}
 k - a potion of brilliance {unknown}


   Skills:
 - Level 2.0 Fighting
 + Level 3.1 Short Blades
 - Level 2.0 Throwing
 - Level 1.0 Dodging
 * Level 7.5 Stealth


You had 3 spell levels left.
You didn't know any spells.
Your spell library was empty.

Dungeon Overview and Level Annotations

Branches:
Dungeon (3/15)              Sewer (1/1)

Altars:


Innate Abilities, Weirdness & Mutations

You cannot wear most types of armour.
You are amphibious.
You can wear up to eight rings at the same time.
Your skin changes colour to match your surroundings (Stealth+).
Your rubbery body absorbs attacks. (AC +1, EV +1)
((You are camouflaged near water. (Stealth+)))
You have tentacles for arms and can constrict up to eight enemies at once.


Message History

The river rat twitches its whiskers.
The river rat bites you!
You closely miss the river rat. Your grab misses the river rat.
You squeeze the river rat.
The river rat is moderately wounded.
The river rat misses you.
You hit the river rat. You grab the river rat.
The river rat is heavily wounded.
You constrict the river rat, but do no damage.
The river rat bites you!
You are too injured to fight recklessly!
You are too injured to fight recklessly!
You are too injured to fight recklessly!
You are too injured to fight recklessly!
You are too injured to fight recklessly!
You are too injured to fight recklessly!
You are too injured to fight recklessly!
You are too injured to fight recklessly!
You are too injured to fight recklessly!
You are too injured to fight recklessly!
You are too injured to fight recklessly!
You are too injured to fight recklessly!
You are too injured to fight recklessly!
You are too injured to fight recklessly!
You release your grip on the river rat.
The ball python hisses angrily.
The river rat closely misses you. The river rat bites you.
* * * LOW HITPOINT WARNING * * *
The rat twitches its whiskers.
You hit the river rat. You grab the river rat.
You squeeze the river rat, but do no damage.
The river rat is severely wounded.
You constrict the river rat, but do no damage.
You hit the river rat but do no damage.
You squeeze the river rat, but do no damage.
The river rat is severely wounded.
You constrict the river rat. The river rat bites you!
* * * LOW HITPOINT WARNING * * *
The river rat barely misses you. The ball python bites you.
You die...

..........≈≈≈≈≈≈≈≈≈≈≈≈≈≈≈≈#######
≈≈.......≈≈≈≈≈≈≈≈≈≈≈≈≈≈≈≈≈≈≈≈≈≈≈≈
≈≈≈≈≈≈≈≈≈≈≈≈≈≈≈≈≈≈≈≈≈≈≈≈≈≈≈≈≈≈≈≈≈
≈≈≈≈≈≈≈≈≈≈≈≈≈≈≈≈≈≈≈≈≈≈≈≈≈≈≈≈
......≈≈≈≈≈≈≈≈≈≈≈≈≈≈≈≈≈≈≈≈≈≈
.......##≈≈≈≈≈≈≈≈≈≈≈≈≈≈≈
........####..≈≈≈≈≈≈≈≈≈≈
#..S..##....≈≈####### .
#..r@.........#
....###.rr.........#
#.....†..####......+ ###....†##
###....# ####### ######


You could see 2 river rats, a ball python and a rat.

Vanquished Creatures
  3 adders
  2 river rats (Sewer)
  2 worms (D:3)
  3 dart slugs (D:1)
  2 endoplasms (D:1)
  4 giant cockroaches
  3 goblins
  3 hobgoblins
  6 jackals (D:1)
  A quokka (D:1)
  6 ball pythons
  A bat (D:1)
  3 frilled lizards
  5 kobolds
  8 rats
52 creatures vanquished.

Vanquished Creatures (others)
  A withered plant (D:1)
1 creature vanquished.

Grand Total: 53 creatures vanquished

Notes
Turn   | Place    | Note
-------+----------+-------------------------------------------
     0 | D:1      | Delamore the Octopode Brigand began the quest for the Orb.
     0 | D:1      | Reached XP level 1. HP: 14/14 MP: 1/1
    80 | D:1      | Found a faded altar of an unknown god.
   100 | D:1      | Reached XP level 2. HP: 6/19 MP: 2/2
   357 | D:1      | Reached skill level 6 in Stealth
   828 | D:1      | Reached XP level 3. HP: 22/24 MP: 3/3
  1586 | D:2      | Reached XP level 4. HP: 29/29 MP: 4/4
  1794 | D:3      | Reached skill level 7 in Stealth
  1853 | D:3      | Found a glowing drain.
  1867 | Sewer    | Entered a sewer
  2004 | Sewer    | HP: 1/29 [river rat (7)]
  2004 | Sewer    | Slain by a ball python

Illustrated notes

Levels and vault maps discovered:
D:1:      lemuel_arrival_muddy, layout_basic, shapermc_ecumenical_altar_gd,
          amcnicky_mini_rare_corridor_liquid, chequers_serial_rivers_marsh
D:2:      layout_basic
D:3:      layout_basic, cheibrodos_sewer_entry_bend, serial_curves,
          eino_curves_03, eino_curves_01, eino_curves_04, eino_curves_02,
          grunt_ministairs_15, st_stairs_3
Sewer:    sewer_minmay_treatment

Skill      XL: |  1  2  3  4 |
---------------+-------------+-----
Stealth        | 6 7 |  7.5
Short Blades   | 3 |  3.1
Fighting       | |  2.0
Throwing       | |  2.0
Dodging        | |  1.0

Action                   |  1- 3 |  4- 6 || total
-------------------------+-------+-------++-------
Melee: Dagger            |    58 |    30 ||    88
       Constrict         |    13 |     6 ||    19
       Tentacles         |    11 |     4 ||    15
  Use: Scroll            |       |     2 ||     2
 Stab: Sleeping          |    10 |    10 ||    20
Armor: Skin              |     9 |       ||     9
Dodge: Dodged            |    39 |    12 ||    51
